AoeStats
← Nikke1900

Arabia

510274270Analyzed
1v1 RM · 1d ago on Sep 30, 2026· 48m 31s· 2 players
Game mode
Random Map
Map size
Tiny (2 player)
Population
200
Speed
Normal
Resources
Standard
Victory
Conquest
Starting age
Dark Age
Ending age
Imperial Age
RankedLock teamsTeams togetherTeam positionsShared explorationLock speedFull tech treeHidden civsTurbo modeCheats
Victory
Defeat
🇦🇺 Magyars · Australia
1341
+17
🇩🇪 Japanese · Germany
1353
-17
Civ_Picker
6:13 Loom
10:10 Feudal Age
13:17 Fletching
13:33 Double-Bit Axe
13:31 Horse Collar
22:17 Castle Age
22:07 Bloodlines
22:25 Scale Barding Armor
22:45 Light Cavalry
26:29 Chain Barding Armor
28:45 Gold Mining
30:06 Wheelbarrow
29:56 Town Watch
30:21 Stone Mining
37:57 Imperial Age
36:04 Husbandry
41:36 Bodkin Arrow
45:58 Ballistics
48:35 Bracer
Nikke1900
6:18 Loom
9:37 Feudal Age
9:37 Man-at-Arms
10:16 Double-Bit Axe
16:36 Fletching
19:56 Castle Age
19:58 Crossbowman
20:38 Bodkin Arrow
22:59 Wheelbarrow
22:10 Town Watch
23:25 Padded Archer Armor
33:19 Imperial Age
34:14 Pikeman
37:22 Bracer
39:59 Scale Mail Armor
45:17 Capped Ram
Connection lost

Rejoining the realm…

Still unreachable

The connection could not be restored.

Session expired

The server has moved on; the page needs a fresh start.